 Dungeon Crawl Stone Soup version 0.31-a0-435-g2c6fae2916 (webtiles) character file.

Game seed: 16398531293533665485

0 randomguy2701 the Stinger (level 1, 0/11 HPs)
             Began as an Octopode Venom Mage on Aug 2, 2023.
             Slain by a jackal (2 damage)
             ... on level 1 of the Dungeon.
             The game lasted 00:00:15 (50 turns).

randomguy2701 the Stinger (Octopode Venom Mage)       Turns: 50, Time: 00:00:16

Health: 0/11       AC:  1    Str:  7    XL:     1   Next: 10%
Magic:  3/3        EV: 13    Int: 17    God:
Gold:   9          SH:  0    Dex: 12    Spells: 3/4 levels left

rFire   . . .        (no weapon)
rCold   . . .        (no shield)
rNeg    . . .        (helmet restricted)
rPois   .            (no amulet)
rElec   .            (no ring)
rCorr   .            (no ring)
SInv    .            (no ring)
Will    .....        (no ring)
Stlth   +++          (no ring)
HPRegen 0.21/turn    (no ring)
MPRegen 0.08/turn    (no ring)
                     (no ring)

%: no passive effects
@: no status effects
A: almost no armour, amphibious, 8 rings, camouflage 1, gelatinous body 1,
(nimble swimmer 1), tentacles
a: no special abilities


You were on level 1 of the Dungeon.
You visited 1 branch of the dungeon, and saw 1 of its levels.

You collected 9 gold pieces.

Inventory:

Scrolls
 b - a scroll of noise {unknown}
 c - a scroll of identify {unknown}
Potions
 a - a potion of magic


   Skills:
 + Level 2.0 Dodging
 + Level 2.6 Stealth
 + Level 2.0 Spellcasting
 + Level 1.0 Transmutations
 + Level 3.6 Poison Magic


You had 3 spell levels left.
You knew the following spells:

 Your Spells              Type           Power      Damage    Failure   Level
a - Sting                 Tmut/Pois      36%        1d4       8%          1

Your spell library contained the following spells:

 Spells                   Type           Power      Damage    Failure   Level
 Poisonous Vapours        Pois/Air       14%        N/A       14%         2
 Mephitic Cloud           Conj/Pois/Air  5%         N/A       34%         3
 Olgreb's Toxic Radiance  Pois           14%        N/A       41%         4


Dungeon Overview and Level Annotations

Branches:
Dungeon (1/15)

Altars:


Innate Abilities, Weirdness & Mutations

You cannot wear most types of armour.
You are amphibious.
You can wear up to eight rings at the same time.
Your skin changes colour to match your surroundings (Stealth+).
Your rubbery body absorbs attacks. (AC +1, EV +1)
((You are camouflaged when in or above water. (Stealth+)))
You have tentacles for arms and can constrict up to eight enemies at once.


Message History

A rat comes into view.
A rat is nearby!
A rat is nearby!
A rat is nearby!
You barely miss the rat. You grab the rat.
You constrict the rat, but do no damage.
The rat bites you but does no damage.
You completely miss the rat. You squeeze the rat.
You kill the rat!
No target in view!
A jackal comes into view.
A jackal is nearby!
An endoplasm comes into view.
A jackal and a ball python come into view.
Found 18 gold pieces. 2 jackals come into view.
The helpless endoplasm fails to defend itself.
You tentacle-slap the endoplasm but do no damage.
You squeeze the endoplasm.
The endoplasm is moderately wounded.
The jackal barks!
The endoplasm closely misses you.
The jackal barks! x3
You tentacle-slap the endoplasm.
The endoplasm is severely wounded.
You hear a bark!
The endoplasm hits you.
A hobgoblin comes into view.
The hobgoblin shouts!
You tentacle-slap the endoplasm.
The endoplasm is almost dead.
The ball python bites you. The ball python closely misses you.
The endoplasm freezes you.
You are frozen.
* * * LOW HITPOINT WARNING * * *
A rat comes into view.
A hobgoblin comes into view.
The ball python misses you. The ball python closely misses you.
The jackal barely misses you. The jackal bites you.
You die...

###....#g.#
..........#
###...##h.# #.. #.h#
## #Jh## #...#
####h### #..hS..# #
#..@...# # #......#
##############......#
...............†....#
##############......#
#......# #......#
#......# ########


You could see 2 jackals and a ball python.

Vanquished Creatures
  A rat (D:1)
1 creature vanquished.

Notes
Turn   | Place    | Note
-------+----------+-------------------------------------------
     0 | D:1      | randomguy2701 the Octopode Venom Mage began the quest for
                  | the Orb.
     0 | D:1      | Reached XP level 1. HP: 11/11 MP: 3/3
    50 | D:1      | Slain by a jackal

Illustrated notes

Levels and vault maps discovered:
D:1:      dpeg_arrival_simpleton_b, layout_rooms

Action                     || total
---------------------------++-------
  Melee: Unarmed           ||     5
         Tentacles         ||     2
         Constrict         ||     1
   Stab: Sleeping          ||     1
 Armour: Skin              ||     1
  Dodge: Dodged            ||     5

Table legend: (Time is in decaauts)
 A = Elapsed time spent in this place.
 B = Non-inter-level travel time spent in this place.
 C = Inter-level travel time spent in this place.
 D = Time resting spent in this place.
 E = Time spent auto-exploring this place.
 F = Levels seen in this place.
 G = Mean time per level.
                   A        B        C        D        E       F      G
               +--------+--------+--------+--------+--------+-----+--------+
         Total |     50 |     50 |      0 |      0 |     28 |   1 |   50.0 |
       Dungeon |     50 |     50 |      0 |      0 |     28 |   1 |   50.0 |
               +--------+--------+--------+--------+--------+-----+--------+

Top non-repeatable levels by time:
     D:1: 50 daAuts
